AoeStats
← ConnorX37B

African Clearing

503907124Analyzed
4v4 RM · 2mo ago on Sep 2, 2026· 34m 15s· 8 players
Game mode
Random Map
Map size
Large (8 player)
Population
200
Speed
Normal
Resources
Standard
Victory
Conquest
Starting age
Dark Age
Ending age
Imperial Age
RankedLock teamsTeams togetherTeam positionsShared explorationLock speedFull tech treeHidden civsTurbo modeCheats
Victory
Defeat
🇺🇸 Mongols · United States
1018
+12
🇨🇦 Franks · Canada
984
+13
🇺🇸 Britons · United States
953
+14
🇨🇦 Huns · Canada
917
+16
vs
🇬🇧 Chinese · United Kingdom
1063
-20
🇦🇷 Vietnamese · Argentina
899
-13
🇺🇸 Huns · United States
872
-12
🇺🇸 Portuguese · United States
839
-10
Caesar's Missile
5:31 Loom
16:42 Feudal Age
18:44 Double-Bit Axe
21:06 Castle Age
18:55 Town Watch
19:27 Horse Collar
23:55 Heavy Plow
32:19 Wheelbarrow
32:28 Fletching
34:01 Bow Saw
37:02 Imperial Age
34:49 Hand Cart
35:10 Yeomen
EmpireCity
3:54 Loom
14:27 Feudal Age
19:15 Castle Age
19:42 Scale Barding Armor
19:48 Forging
19:23 Horse Collar
30:10 Heavy Plow
31:03 Padded Archer Armor
30:54 Fletching
31:25 Chain Barding Armor
33:13 Wheelbarrow
33:23 Wheelbarrow
32:36 Town Watch
34:34 Hand Cart
Chen
11:52 Loom
15:27 Feudal Age
19:45 Castle Age
17:56 Double-Bit Axe
23:46 Husbandry
23:55 Scale Barding Armor
24:02 Forging
25:50 Stone Mining
29:58 Wheelbarrow
33:16 Iron Casting
ConnorX37B
3:04 Loom
18:04 Feudal Age
22:00 Castle Age
21:12 Double-Bit Axe
21:11 Horse Collar
26:33 Imperial Age
23:32 Man-at-Arms
26:11 Long Swordsman
26:57 Two-Handed Swordsman
28:11 Drill
27:45 Capped Ram
32:25 Scale Mail Armor
33:03 Forging
32:45 Champion
oxrollin
4:14 Loom
14:09 Feudal Age
17:08 Double-Bit Axe
21:40 Castle Age
19:54 Horse Collar
21:54 Wheelbarrow
22:43 Bow Saw
22:51 Heavy Plow
25:48 Hand Cart
93arthas
11:43 Loom
18:28 Feudal Age
18:52 Horse Collar
18:59 Double-Bit Axe
19:10 Gold Mining
24:35 Wheelbarrow
27:48 Castle Age
27:55 Pikeman
28:38 Squires
33:52 Scale Mail Armor
ianxpresso
13:55 Feudal Age
14:23 Double-Bit Axe
14:28 Loom
21:07 Castle Age
19:38 Stone Mining
20:29 Gold Mining
20:20 Horse Collar
21:29 Wheelbarrow
22:06 Heavy Plow
22:39 Bow Saw
24:52 Fervor
25:54 Stone Shaft Mining
25:54 Hand Cart
32:45 Imperial Age
33:32 Fortified Wall
33:17 Murder Holes
33:44 Ballistics
34:12 Town Watch
mservett
3:50 Loom
14:24 Feudal Age
14:51 Double-Bit Axe
14:59 Gold Mining
19:17 Castle Age
17:34 Stone Mining
17:49 Fletching
18:07 Padded Archer Armor
21:42 Stone Shaft Mining
21:41 Town Watch
22:04 Horse Collar
22:27 Town Patrol
24:09 Bow Saw
26:52 Heavy Plow
30:05 Wheelbarrow
30:52 Hand Cart
33:46 Leather Archer Armor
33:26 Bodkin Arrow
Connection lost

Rejoining the realm…

Still unreachable

The connection could not be restored.

Session expired

The server has moved on; the page needs a fresh start.